 Dungeon Crawl Stone Soup version 0.22.1-2-g9c5b331383 (webtiles) character file.

81 Knicklaso the Chiller (level 4, -14/32 HPs)
             Began as a Merfolk Ice Elementalist on Dec 9, 2018.
             Demolished by Crazy Yiuf
             ... wielding a +4 quarterstaff of chaos
              (19 damage)
             ... on level 2 of the Dungeon.
             The game lasted 00:08:53 (2083 turns).

Knicklaso the Chiller (Merfolk Ice Elementalist)    Turns: 2083, Time: 00:08:53

Health: -14/32     AC:  5    Str:  8    XL:     4   Next: 40%
Magic:  3/7        EV: 13    Int: 15    God:
Gold:   82         SH:  0    Dex: 14    Spells: 2/8 levels left

rFire    . . .     SeeInvis .   d - +0 dagger
rCold    . . .     Gourm    .   (no shield)
rNeg     . . .     Faith    .   a - +0 robe
rPois    .         Spirit   .   g - +0 helmet
rElec    .         Reflect  .   k - +0 cloak
rCorr    .         Harm     .   (no gloves)
MR       .....                  i - +0 pair of boots
Stlth    ++........             (no amulet)
HPRegen  0.10/turn              (no ring)
MPRegen  0.10/turn              (no ring)

@: very slightly contaminated, drained
A: change form in water, swift swim, stealthy swim
a: no special abilities


You were on level 2 of the Dungeon.
You were hungry.

You visited 1 branch of the dungeon, and saw 2 of its levels.

You collected 82 gold pieces.

Inventory:

Hand Weapons
 d - a +0 dagger (weapon)
 j - a cursed -1 dagger
Missiles
 e - 106 stones (quivered)
Armour
 a - a +0 robe (worn)
 g - a +0 helmet (worn)
 i - a +0 pair of boots (worn)
 k - a +0 cloak (worn)
Jewellery
 p - an uncursed ring of flight {unknown}
Scrolls
 f - 2 scrolls of identify {unknown}
 l - a scroll of teleportation {unknown}
 o - a scroll of amnesia {unknown}
Potions
 b - a potion of haste {unknown}
 h - a potion of degeneration {unknown}
 m - a potion of heal wounds {unknown}
 q - 2 potions of invisibility {unknown}
Comestibles
 c - a ration
 n - 6 chunks of flesh


   Skills:
 + Level 1.5(1.1) Fighting
 + Level 3.5(3.0) Dodging
 - Level 2.1(1.7) Stealth
 + Level 2.5(2.1) Spellcasting
 - Level 0.7(0.3) Conjurations
 * Level 4.3(3.9) Ice Magic


You had 2 spell levels left.
You knew the following spells:

 Your Spells              Type           Power        Failure   Level  Hunger
a - Freeze                Ice            ##..         4%          1    #......
b - Throw Frost           Conj/Ice       #.....       14%         2    ###....
c - Ozocubu's Armour      Chrm/Ice       #.......     28%         3    ###....

Your spell library contained the following spells:

 Spells                   Type           Power        Failure   Level  Hunger
 Summon Ice Beast         Ice/Summ       #.......     67%         4    #####..
 Throw Icicle             Conj/Ice       #.......     67%         4    #####..


Dungeon Overview and Level Annotations

Branches:
Dungeon (2/15)

Altars:

Annotations:
D:2 Crazy Yiuf, Natasha, Robin


Message History

Casting: Freeze (safe; 3% risk of failure)
Confirm with . or Enter, or press ? or * to list all spells.
You miscast Ozocubu's Armour.
You are very lightly contaminated with residual magic.
You shiver with cold.
Crazy Yiuf drinks a potion.
Crazy Yiuf goes berserk!
Crazy Yiuf closely misses you.
Casting: Ozocubu's Armour (safe; 26% risk of failure)
Confirm with . or Enter, or press ? or * to list all spells.
Aiming: Freeze (safe; 3% risk of failure)
Press: ? - help, Shift-Dir - straight line, f - Crazy Yiuf
Aim: Crazy Yiuf, wielding a quarterstaff of chaos and wearing a cloak (berserk, You freeze Crazy Yiuf.
Crazy Yiuf is lightly wounded.
Crazy Yiuf hits you with a quarterstaff of chaos!!
Ouch! That really hurt!
You feel drained.
* * * LOW HITPOINT WARNING * * *
Crazy Yiuf hits you with a quarterstaff of chaos!!
Ouch! That really hurt!
You die...

#......................##
#...>......###########..#
#......##### ##.#
#......# #.## #......#
#..# #......# ### ♣♣###.#
)....### #)..#♣♣ ♣♣.....#
...### #...'.♣♣♣♣.P....#
##(## #...#♣g@♣.PP...##
##>.# ### ♣♣♣.♣....##
.##.#### ♣♣♣♣♣###
.##.(..# .####..#
.[....## ..##### #.# #.#


You could see Crazy Yiuf (berserk).

Vanquished Creatures
  An adder (D:2)
  An ooze (D:1)
  2 dart slugs
  3 leopard geckos
  A ball python (D:2)
  3 giant cockroaches
  6 goblins
  4 hobgoblins (D:2)
  7 jackals
  10 kobolds
  A quokka (D:2)
  6 bats
  3 frilled lizards
  7 rats
55 creatures vanquished.

Notes
Turn   | Place    | Note
-------+----------+-------------------------------------------
     0 | D:1      | Knicklaso the Merfolk Ice Elementalist began the quest for
                  | the Orb.
     0 | D:1      | Reached XP level 1. HP: 13/13 MP: 3/3
   248 | D:1      | Reached XP level 2. HP: 20/20 MP: 1/5
   539 | D:1      | Reached skill level 1 in Fighting
   564 | D:1      | You fall through a shaft!
   593 | D:2      | Reached XP level 3. HP: 26/26 MP: 2/6
   828 | D:2      | Reached skill level 4 in Ice Magic
   865 | D:2      | Noticed Natasha
   878 | D:2      | Noticed Robin
  1727 | D:2      | Reached XP level 4. HP: 32/32 MP: 5/7
  1858 | D:2      | Learned a level 2 spell: Throw Frost
  1862 | D:2      | Learned a level 3 spell: Ozocubu's Armour
  2073 | D:2      | Found a runed door.
  2077 | D:2      | Noticed Crazy Yiuf
  2083 | D:2      | Demolished by Crazy Yiuf

Skill      XL: |  1  2  3 |
---------------+----------+-----
Dodging        | 3 |  3.5
Fighting       | 1 |  1.5
Ice Magic      | 4 |  4.3
Stealth        | |  2.1
Spellcasting   | |  2.5
Conjurations   | |  0.7

Action                   |  1- 3 |  4- 6 || total
-------------------------+-------+-------++-------
Melee: Dagger            |    58 |    19 ||    77
Throw: Stone             |     4 |     5 ||     9
 Cast: Freeze            |    44 |    17 ||    61
       Throw Frost       |       |     1 ||     1
 Stab: Sleeping          |     7 |       ||     7
  Eat: Chunk             |     2 |     2 ||     4
Armor: Robe              |    26 |    10 ||    36
Dodge: Dodged            |    79 |    25 ||   104
